 Dungeon Crawl Stone Soup version 0.22-a0-542-gce4f928 (webtiles) character file.

175 iamserjio the Insei (level 5, -2/45 HPs)
             Began as a Draconian Monk on June 24, 2018.
             Killed from afar by Robin (18 damage)
             ... with an exploding inner flame
             ... hexed by the player character
             ... on level 3 of the Dungeon.
             The game lasted 00:06:47 (744 turns).

iamserjio the Insei (Draconian Monk)                 Turns: 744, Time: 00:06:48

Health: -2/45      AC:  5    Str: 13    XL:     5   Next: 29%
Magic:  5/5        EV: 13    Int: 11    God:
Gold:   47         SH:  0    Dex: 14    Spells: 4/4 levels left

rFire    . . .     SeeInvis .     - Unarmed
rCold    + + .     Gourm    .   (no shield)
rNeg     . . .     Faith    .   (armour unavailable)
rPois    .         Spirit   .   (helmet restricted)
rElec    .         Reflect  .   (no cloak)
rCorr    .         Harm     .   (no gloves)
MR       .....                  (no boots)
Stlth    ++........             (no amulet)
HPRegen  0.15/turn              b - ring of protection from cold
MPRegen  0.09/turn              i - ring of protection from cold

@: berserk cooldown, slowed, very slow
A: unfitting armour, cold-blooded, AC +5
a: no special abilities


You were on level 3 of the Dungeon.
You were not hungry.

You visited 1 branch of the dungeon, and saw 3 of its levels.

You collected 47 gold pieces.

Inventory:

Missiles
 g - 20 stones (quivered)
 h - 14 poisoned needles
Jewellery
 b - a ring of protection from cold (left hand)
 i - a ring of protection from cold (right hand)
Scrolls
 c - 2 scrolls of identify {@r1}
 d - a scroll of remove curse {unknown}
 e - 2 scrolls of amnesia
Potions
 k - a potion of curing {@q1}
Comestibles
 a - 4 rations


   Skills:
 - Level 3.2 Fighting
 - Level 2.6 Dodging
 - Level 1.7 Stealth
 * Level 6.1 Unarmed Combat


You had 4 spell levels left.
You didn't know any spells.
Your spell library was empty.

Dungeon Overview and Level Annotations

Branches:
Dungeon (3/15)

Altars:
Gozag
Sif Muna
Zin

Annotations:
D:2 Sigmund


Innate Abilities, Weirdness & Mutations

Your plain brown scales are hard. (AC +5)
You cannot fit into any form of body armour.
You are cold-blooded and may be slowed by cold attacks.


Message History

The jackal misses you. The hobgoblin completely misses you.
The goblin hits you but does no damage. The jackal bites you.
The goblin barely misses you.
You barely miss the jackal.
You tail-slap the jackal, but do no damage.
The jackal is heavily wounded.
The jackal bites you but does no damage.
The jackal misses you. The hobgoblin barely misses you.
Robin barely misses you. The goblin hits you but does no damage.
The jackal barely misses you. The goblin barely misses you.
The jackal closely misses you. The goblin hits you with a dagger.
The hobgoblin closely misses you.
You hit the jackal.
The jackal explodes!
The fiery explosion engulfs the goblin.
The goblin explodes!
The fiery explosion engulfs Robin.
Robin explodes!
The fiery explosion engulfs you!
You die...

..........#
.........+
#........#
#......>.#
#........# #......#
#.g....# #§§h...#
#§@g...# #§§g...#
###.(....### #.
#..........# #.
#..........# #.
#...(......# #.
#..........# #.
#..........# #.
########..........#
#.


You could see a jackal (inner flame), a hobgoblin (inner flame) and 2 goblins.

Vanquished Creatures
  A black bear (D:3)
  4 adders
  A dart slug (D:2)
  A leopard gecko (D:2)
  A ball python (D:3)
  4 bats
  A giant cockroach (D:3)
  10 goblins
  6 hobgoblins
  A jackal (D:3)
  5 kobolds
  A quokka (D:3)
  2 frilled lizards (D:2)
  3 rats
41 creatures vanquished.

Notes
Turn   | Place    | Note
-------+----------+-------------------------------------------
     0 | D:1      | iamserjio the Draconian Monk began the quest for the Orb.
     0 | D:1      | Reached XP level 1. HP: 19/19 MP: 1/1
    88 | D:2      | Reached XP level 2. HP: 17/26 MP: 2/2
   103 | D:2      | Reached skill level 4 in Unarmed Combat
   130 | D:2      | Reached XP level 3. HP: 6/31 MP: 3/3
   161 | D:2      | Noticed Sigmund
   220 | D:2      | Found an opulent altar of Gozag.
   221 | D:2      | Found a glowing silver altar of Zin.
   297 | D:2      | Found a deep blue altar of Sif Muna.
   351 | D:3      | Noticed Robin
   387 | D:2      | HP: 1/31 [hobgoblin (3)]
   567 | D:3      | Reached XP level 4. HP: 16/38 MP: 4/4
   601 | D:3      | Reached skill level 5 in Unarmed Combat
   685 | D:3      | Noticed a black bear
   715 | D:3      | Killed a black bear
   715 | D:3      | Reached skill level 6 in Unarmed Combat
   715 | D:3      | Reached XP level 5. HP: 45/45 MP: 5/5
   744 | D:3      | Killed Robin
   744 | D:3      | Killed from afar by Robin

Vault maps used:
D:1:      saegor_arrival_simple_e, serial_bayou_pond_b
D:2:      grunt_temple_overflow_gold_and_silver, overflow_temple_1_default,
          kennysheep_generic_room_4, uniq_sigmund
D:3:      uniq_natasha, uniq_ijyb, uniq_jessica, uniq_robin

Skill      XL: |  1  2  3  4 |
---------------+-------------+-----
Unarmed Combat | 4 6 |  6.1
Fighting       | |  3.2
Dodging        | |  2.6
Stealth        | |  1.7

Action                   |  1- 3 |  4- 6 || total
-------------------------+-------+-------++-------
Melee: Unarmed           |   127 |    29 ||   156
       Tailslap          |    15 |     4 ||    19
  Use: Potion            |     1 |     3 ||     4
       Scroll            |       |     3 ||     3
 Stab: Sleeping          |     1 |       ||     1
Armor: Skin              |    42 |    27 ||    69
Dodge: Dodged            |    96 |    53 ||   149

Table legend:
 A = Spawn XP
 B = Non-spawn XP
 C = Spawn XP percentage of total XP
 D = Spawn monster count
 E = Non-spawn monster count
 F = Spawn count percentage of total count
 G = Total turns spent on level
                    A         B        C        D         E        F      G
               +---------+---------+-------+---------+---------+-------+---------
         Total |       0 |     251 |   0.0 |       0 |      41 |   0.0 |   744
               +---------+---------+-------+---------+---------+-------+---------
           D:1 |       0 |       8 |   0.0 |       0 |       4 |   0.0 |   123
           D:2 |       0 |      77 |   0.0 |       0 |      23 |   0.0 |   387
           D:3 |       0 |     166 |   0.0 |       0 |      14 |   0.0 |   234
               +---------+---------+-------+---------+---------+-------+---------
